 Dungeon Crawl Stone Soup version 0.18.1-50-g88ac8fd (webtiles) character file.

1737 Gargoyl the Protected (level 8, -2/63 HPs)
             Began as a Demonspawn Abyssal Knight on Sept 18, 2016.
             Was a Priest of Lugonu.
             Killed by divine providence
             ... invoked by an orc priest
              (15 damage)
             ... on level 6 of the Dungeon.
             The game lasted 00:11:51 (4690 turns).

Gargoyl the Protected (Demonspawn Abyssal Knight)   Turns: 4690, Time: 00:11:51

Health: -2/63      AC: 16    Str: 16    XL:     8   Next: 76%
Magic:  10/10      EV:  6    Int: 13    God:    Lugonu [***...]
Gold:   239        SH:  2    Dex: 12    Spells: 0 memorised, 7 levels left

rFire  . . .     SeeInvis +     n - +3 war axe
rCold  . . .     Gourm    .     s - +1 plate armour
rNeg   . . .     Faith    .     (no shield)
rPois  +         Spirit   .     (helmet unavailable)
rElec  .         Dismiss  .     o - +0 cloak {rPois}
rCorr  .         Reflect  +     (no gloves)
SustAt +         Harm     .     (no boots)
MR     .....                    p - +2 amulet of reflection
Stlth  ..........               x - ring of sustain attributes
                                a - ring of see invisible

@: not resistant to hostile enchantments, extremely unstealthy
A: claws 1, horns 3, talons 1, spiny 1
a: Depart the Abyss, Bend Space, Banish, Renounce Religion


You were on level 6 of the Dungeon.
You worshipped Lugonu.
Lugonu was most pleased with you.
You were not hungry.

You visited 1 branch of the dungeon, and saw 6 of its levels.
You visited the Abyss 1 time.

You collected 239 gold pieces.

Inventory:

Hand Weapons
 n - a +3 war axe (weapon)
Missiles
 j - 5 poisoned javelins (quivered)
Armour
 o - a +0 cloak of poison resistance (worn)
 s - a +1 plate armour (worn)
Jewellery
 a - a ring of see invisible (left claw)
 e - a cursed ring of loudness {unknown}
 p - a +2 amulet of reflection (around neck)
 x - a ring of sustain attributes (right claw)
Wands
 k - a wand of digging (12/24)
 q - a wand of iceblast (12/15)
Scrolls
 g - a scroll of recharging
 h - a scroll of blinking
 i - 2 scrolls of remove curse
Potions
 b - 2 potions of magic {unknown}
 d - 4 potions of agility {unknown}
 m - a potion of haste
 u - a potion of mutation {unknown}
 v - 2 potions of ambrosia {unknown}
 w - a potion of heal wounds {unknown}
 z - a potion of lignification {unknown}
 A - a potion of curing {unknown}
 B - 2 potions of cancellation {unknown}
Comestibles
 c - 6 bread rations
 f - a slice of pizza
 l - 3 fruits
 r - 2 meat rations
 t - 7 chunks of flesh


   Skills:
 + Level 5.4 Fighting
 + Level 4.2 Axes
 * Level 8.0 Armour
 + Level 3.0 Dodging
 + Level 1.1 Stealth
 + Level 2.8 Invocations


You had 7 spell levels left.
You didn't know any spells.

Dungeon Overview and Level Annotations

Branches:
Dungeon (6/15)
 Temple: D:4-7

Altars:
Elyvilon
Makhleb
Nemelex Xobeh
Ru
Sif Muna
Trog

Shops:
D:4 =:=(


Innate Abilities, Weirdness & Mutations

You have sharp fingernails.
You have a pair of large horns on your head.
You have sharp toenails.
You are partially covered in sharp spines.


Message History

The orc priest hits you but does no damage.
You hit the orc priest.
You claw the orc priest, but do no damage.
Your headbutt misses the orc priest.
The orc priest is moderately wounded.
The orc priest is struck by your spines.
The orc priest hits you but does no damage.
You closely miss the orc priest.
You claw the orc priest, but do no damage.
The orc priest is almost dead.
The orc priest hits you but does no damage.
You barely miss the orc priest.
You claw the orc priest, but do no damage.
The orc priest is almost dead.
The orc priest mumbles some strange prayers to Beogh against you.
Beogh smites you!
* * * LOW HITPOINT WARNING * * *
The orc priest mumbles some strange prayers to Beogh against you.
Beogh smites you!
You die...

#.#.## ###
#..... ..###
#..... ....
.#..... ...
....... ..
.......#'#
......)#o#
.......@.#
.........#
.........#
......##.#
...... #)#
...... #.# #
...... #.#..
...... #.#.#
#.####.##.#.#


You could see an orc priest.

Vanquished Creatures
  Sigmund (D:2)
  Eustachio (D:6)
  Menkaure (D:5)
  2 ice beasts
  A sky beast (D:4)
  A phantom (D:4)
  An ogre (D:4)
  2 scorpions
  3 wights (D:6)
  2 howler monkeys
  A crimson imp (D:6)
  Crazy Yiuf (D:5)
  A giant frog skeleton (D:4)
  2 orc priests (D:6)
  3 hounds
  An orc wizard (D:6)
  2 worker ants (D:5)
  A hound skeleton (D:4)
  4 gnolls (D:3)
  13 adders
  2 oozes (D:4)
  2 worms (D:2)
  2 giant geckos (D:4)
  3 orcs
  13 bats
  2 giant cockroaches
  11 goblins
  13 hobgoblins
  11 jackals
  4 kobolds
  A quokka (D:4)
  A ball python (D:4)
  A giant newt (D:5)
  3 rats
113 creatures vanquished.

Notes
Turn   | Place    | Note
--------------------------------------------------------------
     0 | Abyss:1  | Gargoyl the Demonspawn Abyssal Knight began the quest for the Orb.
     0 | Abyss:1  | Reached XP level 1. HP: 18/18 MP: 2/2
    11 | Abyss:1  | Found a corrupted altar of Lugonu.
   106 | Abyss:2  | Noticed a neqoxec
   107 | D:1      | Escaped the Abyss
   233 | D:1      | Reached * piety under Lugonu
   233 | D:1      | Reached skill level 2 in Armour
   233 | D:1      | Gained mutation: You are partially covered in sharp spines. [demonic ancestry]
   233 | D:1      | Reached XP level 2. HP: 17/24 MP: 3/3
   663 | D:1      | Gained mutation: You have a pair of small horns on your head. [demonic ancestry]
   663 | D:1      | Reached XP level 3. HP: 30/30 MP: 4/4
   834 | D:2      | Reached skill level 1 in Dodging
   913 | D:2      | Reached ** piety under Lugonu
  1029 | D:2      | Noticed Sigmund
  1029 | D:2      | Gained mutation: You have a pair of horns on your head. [demonic ancestry]
  1029 | D:2      | Reached XP level 4. HP: 30/37 MP: 5/5
  1031 | D:2      | Reached skill level 3 in Armour
  1035 | D:2      | Killed Sigmund
  1035 | D:2      | Reached skill level 4 in Armour
  1035 | D:2      | Gained mutation: You have sharp fingernails. [demonic ancestry]
  1035 | D:2      | Reached XP level 5. HP: 28/42 MP: 5/7
  1384 | D:2      | Reached XP level 6. HP: 48/48 MP: 8/8
  1468 | D:2      | Found a white marble altar of Elyvilon.
  1469 | D:2      | Found a burning altar of Makhleb.
  1672 | D:3      | Found a sacrificial altar of Ru.
  1995 | D:3      | Found a sparkling altar of Nemelex Xobeh.
  2402 | D:4      | Reached *** piety under Lugonu
  2457 | D:4      | Found Ottaostra's Book Shoppe.
  2488 | D:4      | Reached skill level 5 in Armour
  2532 | D:4      | Found Ezeacim's Jewellery Emporium.
  2674 | D:4      | Gained mutation: You have sharp toenails. [demonic ancestry]
  2674 | D:4      | Reached XP level 7. HP: 51/55 MP: 9/9
  2895 | D:4      | Found Miallax's Antique Weapon Boutique.
  2986 | D:4      | Found Vaikeasu's Jewellery Boutique.
  3022 | D:5      | Entered Level 5 of the Dungeon
  3030 | D:5      | Found a bloodstained altar of Trog.
  3391 | D:4      | Found a deep blue altar of Sif Muna.
  3431 | D:4      | Reached skill level 6 in Armour
  3431 | D:4      | Reached skill level 1 in Stealth
  3869 | D:5      | Noticed Menkaure
  3875 | D:5      | Killed Menkaure
  3875 | D:5      | Reached skill level 5 in Fighting
  3875 | D:5      | Gained mutation: You have a pair of large horns on your head. [demonic ancestry]
  3875 | D:5      | Reached XP level 8. HP: 47/62 MP: 10/10
  4300 | D:5      | Noticed Crazy Yiuf
  4305 | D:5      | Killed Crazy Yiuf
  4521 | D:6      | Reached skill level 7 in Armour
  4570 | D:6      | Noticed Eustachio
  4617 | D:6      | Killed Eustachio
  4686 | D:6      | Reached skill level 8 in Armour
  4690 | D:6      | Killed from afar by an orc priest

Skill      XL: |  1  2  3  4  5  6  7  8 |
---------------+-------------------------+-----
Armour         | 2 4 5 6 8 |  8.0
Dodging        | 1 2 3 |  3.0
Axes           | 2 3 4 |  4.2
Fighting       | 4 5 |  5.4
Stealth        | 1 |  1.1
Invocations    | |  2.8

Action                   |  1- 3 |  4- 6 |  7- 9 || total
-------------------------+-------+-------+-------++-------
Melee: Hand axe          |    65 |    32 |       ||    97
       Headbutt          |     4 |    12 |    17 ||    33
       War axe           |       |    29 |    84 ||   113
       Kick              |       |       |    23 ||    23
Invok: Depart the Abyss  |     1 |       |       ||     1
  Use: Scroll            |       |       |    13 ||    13
  Eat: Chunk             |     1 |     4 |     7 ||    12
Armor: Scale mail        |    29 |       |       ||    29
       Chain mail        |    12 |    15 |       ||    27
       Plate armour      |       |    23 |    77 ||   100
Dodge: Dodged            |    29 |    30 |    21 ||    80
Block: Other             |       |     3 |     8 ||    11
       Reflection        |       |     1 |       ||     1
